 Dungeon Crawl Stone Soup version 0.30.1-11-g7821555f0a (webtiles) character file.

Game seed: 11945786779054149354

4156 cdecastro the Grappler (level 10, -8/71 HPs)
             Began as a Pale Draconian Transmuter on Jan 11, 2024.
             Was an Initiate of Gozag.
             Mangled by an orc high priest
             ... wielding a +0 war axe
              (12 damage)
             ... in a bailey.
             The game lasted 00:27:09 (7891 turns).

cdecastro the Grappler (Pale Draconian Transmuter)  Turns: 7891, Time: 00:27:09

Health: -8/71      AC:  2    Str: 13    XL:     10   Next: 7%
Magic:  6/13       EV: 19    Int: 17    God:    Gozag
Gold:   224        SH:  0    Dex: 17    Spells: 3/13 levels left

rFire   . .          .
                       - Unarmed
rCold   . . .        (shield currently unavailable)
rNeg    . . .        (body armour unavailable)
rPois   .            (helmet currently unavailable)
rElec   .            (cloak currently unavailable)
rCorr   .            B - melded +0 pair of gloves {hurl}
SInv    .            C - melded +1 pair of boots
Will    +....        f - amulet of the acrobat
Stlth   ++           w - ring of willpower
HPRegen 0.31/turn    x - ring of poison resistance
MPRegen 0.13/turn

%: acrobat
@: spider-form, wereblooded, very slightly contaminated
A: venomous fangs, (breathe steam), AC +7, tiny, unfitting armour,
(cold-blooded), (steam resistance)
a: End Transformation, Renounce Religion, Potion Petition, Call Merchant, Bribe
Branch


You were in a bailey.
You worshipped Gozag.
Gozag was aware of your devotion.
You were a venomous arachnid creature.
You visited 2 branches of the dungeon, and saw 10 of its levels.
You also visited: Bailey.

You collected 985 gold pieces.
You spent 126 gold pieces at shops.
You paid 635 gold pieces to Gozag.

Inventory:

Missiles
 a - 3 silver javelins
 k - 5 javelins
 l - 13 poisoned darts (quivered)
 A - 3 boomerangs
 G - 2 throwing nets
 K - 2 silver boomerangs
Armour
 B - a +0 pair of gloves of hurling (melded)
 C - a +1 pair of boots (melded)
Magical Staves
 F - a staff of fire
Jewellery
 f - an amulet of the acrobat (around neck)
 u - a ring of flight
 w - a ring of willpower (left front pincers)
 x - a ring of poison resistance (right front pincers)
Wands
 H - a wand of flame (7)
 I - a wand of light (10)
Scrolls
 b - 7 scrolls of immolation
 c - 4 scrolls of fear {unknown}
 g - 8 scrolls of identify {unknown}
 i - 5 scrolls of fog {unknown}
 n - 2 scrolls of enchant weapon {unknown}
 o - 2 scrolls of blinking {unknown}
 q - 2 scrolls of magic mapping {unknown}
 s - a scroll of brand weapon {unknown}
 v - 2 scrolls of poison {unknown}
 y - a scroll of torment {unknown}
 z - a scroll of noise {unknown}
 E - 2 scrolls of teleportation {unknown}
Potions
 d - 2 potions of haste {unknown}
 h - 5 potions of flight {unknown}
 j - 2 potions of might {unknown}
 m - 3 potions of curing {unknown}
 p - a potion of degeneration {unknown}
 r - a potion of magic {unknown}
 t - a potion of ambrosia {unknown}
 D - a potion of invisibility {unknown}
 J - 2 potions of attraction {unknown}


   Skills:
 - Level 1.1 Fighting
 - Level 1.7 Dodging
 + Level 11.2 Unarmed Combat
 - Level 2.0 Spellcasting
 * Level 10.1 Transmutations


You had 3 spell levels left.
You knew the following spells:

 Your Spells              Type           Power      Damage    Failure   Level
a - Beastly Appendage     Tmut           72%        N/A       2%          1
b - Wereblood             Tmut           36%        N/A       3%          2
c - Spider Form           Tmut/Pois      18%        N/A       21%         3
d - Ice Form              Ice/Tmut       18%        N/A       45%         4

Your spell library contained the following spells:

 Spells                   Type           Power      Damage    Failure   Level
 Shock                    Conj/Air       4%         1d3       38%         1
 Swiftness                Air            1%         N/A       71%         3
 Airstrike                Air            0%         2d(1-17)  96%         4


Dungeon Overview and Level Annotations

Branches:
Dungeon (9/15)             Temple (1/1) D:5          Bailey (1/1)
   Lair: D:8-11         Orc: D:9-12

Altars:
Ashenzari
Cheibriados
Dithmenos
Fedhas
Gozag
Hepliaklqana
Kikubaaqudgha
Nemelex Xobeh
Okawaru
Qazlal
Ru
Sif Muna
Trog
Uskayaw
Vehumet
Wu Jian
The Shining One

Shops:
D:4 *

Annotations:
D:3 2 transporters, AberrantSnake's ghost, amateur DrTm
D:5 Pikel
D:8 Psyche


Innate Abilities, Weirdness & Mutations

You are a venomous arachnid creature.
You have venomous fangs.
You are tiny and dextrous.
Your spellcasting is less reliable in this form.
Your armour is entirely melded.
You are incapable of wielding weapons or throwing items.
((You can breathe blasts of scalding, opaque steam.))
((Your pale cyan-grey scales are hard. (AC +7)))
You cannot fit into any form of body armour.
((You are cold-blooded and may be slowed by cold attacks.))
((You are immune to the effects of steam.))


Message History

Unknown command.
You closely miss the orc high priest.
Unknown command.
You hit the orc high priest but do no damage.
The orc warrior hits you with a +0 war axe!
The orc high priest barely misses you.
The orc high priest mumbles some strange prayers to Beogh against you.
You easily resist.
Unknown command.
You completely miss the orc high priest.
The orc warrior hits you with a +0 war axe!
The orc high priest invokes the aid of Beogh against you.
Beogh smites you!
The orc high priest invokes the aid of Beogh against you.
Beogh smites you!
* * * LOW HITPOINT WARNING * * *
You barely miss the orc high priest. The orc warrior closely misses you.
The orc high priest prays to Beogh.
The orc high priest hits you with a +0 war axe!
* * * LOW HITPOINT WARNING * * *
Unknown command.
Unknown command.
You closely miss the orc high priest.
The orc warrior hits you with a +0 war axe!
* * * LOW HITPOINT WARNING * * *
The orc high priest prays to Beogh.
The orc high priest mumbles some strange prayers to Beogh against you.
You easily resist.
Unknown command.
You barely miss the orc high priest.
Unknown command.
You closely miss the orc high priest.
The smoke demon hits you but does no damage.
The smoke demon misses you. x2
The orc high priest hits you with a +0 war axe!
* * * LOW HITPOINT WARNING * * *
The orc warrior completely misses you.
The orc high priest hits you with a +0 war axe!
You die...
Your body crumbles into a pile of gold.

#≈≈≈≈≈#...)')...)#.......# #≈
#≈≈≈≈≈#..).#....)).8.8.8.# #≈
#≈≈≈≈≈#.##############...######≈
#≈≈≈≈≈~.#))+ #......#.~≈
#≈≈≈≈≈~.#))# .#...)..#.~≈
#≈≈≈≈≈~.#..# ..#####)'#.~≈
#≈≈≈≈≈~.######### ...##...).#.~≈
#≈≈≈≈≈~.#..8.83o#....##.....'...
#≈≈≈≈≈~∩))....3so3_..##..⌠..'...
#≈≈≈≈≈~.#..8.8.o#....##.....'...
#≈≈≈≈≈~.######### ...##.....#.~≈
#≈≈≈≈≈~.#..# ..#####++#.~≈
#≈≈≈≈≈~.#..# .# #.~≈
#≈≈≈≈≈~.#..+ # #.~≈ #≈≈≈≈≈#.####
###≈ #≈≈≈≈≈#.. #≈ #≈≈≈≈≈#... #≈


You could see a soul eater (summoned), 2 orc high priests, a sun demon
(summoned), a smoke demon (summoned) and an orc warrior (poisoned).

Vanquished Creatures
  An orc knight (Bailey)
  Grinder (D:5)
  A wyvern (D:7)
  A yak (D:9)
  A steam dragon (D:7)
  A water moccasin (D:7)
  2 black bears (D:6)
  8 orc warriors
  An ice beast (D:6)
  A centaur (D:7)
  A lemure (D:4)
  2 bullfrogs (D:7)
  3 scorpions
  10 wights
  2 howler monkeys (D:9)
  An electric eel (Bailey)
  3 orc priests
  A gnoll bouda (D:6)
  3 hounds
  A jelly (D:5)
  2 iguanas
  3 sleepcaps
  5 orc wizards
  Natasha (D:3)
  9 gnolls
  5 adders
  A shadow imp (D:6)
  An ufetubus (D:7)
  A worm (D:2)
  A dart slug (D:4)
  30 orcs
  10 ball pythons
  7 endoplasms
  14 goblins
  8 hobgoblins
  6 jackals
  5 bats
  5 frilled lizards
  8 kobolds
  7 rats
174 creatures vanquished.

Vanquished Creatures (collateral kills)
  A wight (D:5)
1 creature vanquished.

Vanquished Creatures (others)
  A yak (D:9)
  2 wights (D:5)
3 creatures vanquished.

Grand Total: 178 creatures vanquished

Notes
Turn   | Place    | Note
-------+----------+-------------------------------------------
     0 | D:1      | cdecastro the Draconian Transmuter began the quest for the
                  | Orb.
     0 | D:1      | Reached XP level 1. HP: 16/16 MP: 3/3
   185 | D:1      | Reached XP level 2. HP: 23/23 MP: 5/5
   841 | D:2      | Reached XP level 3. HP: 28/28 MP: 4/6
  1124 | D:2      | Reached skill level 4 in Unarmed Combat
  1837 | D:3      | Found a transporter.
  1908 | D:3      | Found a transporter.
  1911 | D:3      | Noticed AberrantSnake's ghost (amateur DrTm)
  1922 | D:3      | Reached XP level 4. HP: 27/35 MP: 5/7
  2048 | D:3      | Noticed Natasha
  2056 | D:3      | Killed Natasha
  2457 | D:4      | Found Hushaot's General Store.
  2516 | D:4      | Reached skill level 5 in Unarmed Combat
  2526 | D:4      | Reached XP level 5. HP: 18/40 MP: 6/8
  2732 | D:4      | Learned a level 2 spell: Wereblood
  2990 | D:4      | Found a radiant altar of Vehumet.
  3129 | D:4      | Reached XP level 6. HP: 34/47 MP: 7/9
  3404 | D:4      | Bought a potion of heal wounds for 70 gold pieces
  3404 | D:4      | Bought a scroll of immolation for 56 gold pieces
  3423 | D:5      | Entered Level 5 of the Dungeon
  3445 | D:5      | Reached skill level 6 in Unarmed Combat
  3635 | D:5      | Noticed Pikel
  3969 | D:5      | Found a staircase to the Ecumenical Temple.
  4041 | D:5      | Your scales start taking on a pale cyan-grey colour.
  4041 | D:5      | Reached XP level 7. HP: 46/46 MP: 10/10
  4041 | D:5      | Gained mutation: You are immune to the effects of steam.
                  | [Pale Draconian growth]
  4120 | D:5      | Learned a level 3 spell: Spider Form
  4121 | Temple   | Entered the Ecumenical Temple
  4233 | Temple   | Became a worshipper of Gozag Ym Sagoz the Greedy
  4295 | D:5      | Reached skill level 7 in Unarmed Combat
  4315 | D:5      | Noticed Grinder
  4324 | D:5      | Killed Grinder
  4325 | D:5      | Reached skill level 5 in Transmutations
  4824 | D:6      | Reached skill level 8 in Unarmed Combat
  5033 | D:5      | Reached XP level 8. HP: 56/59 MP: 7/11
  5256 | D:6      | Reached skill level 9 in Unarmed Combat
  5866 | D:6      | Learned a level 4 spell: Ice Form
  5976 | D:7      | Found a sparkling altar of Nemelex Xobeh.
  6177 | D:7      | Reached skill level 10 in Unarmed Combat
  6303 | D:7      | Reached XP level 9. HP: 63/64 MP: 8/12
  6970 | D:7      | Found a shimmering blue altar of Sif Muna.
  7068 | D:8      | Noticed Psyche
  7360 | D:9      | Found a flagged portal.
  7366 | Bailey   | Entered a bailey
  7455 | Bailey   | Noticed an orc knight
  7475 | Bailey   | Killed an orc knight
  7476 | Bailey   | Reached skill level 11 in Unarmed Combat
  7533 | Bailey   | Reached XP level 10. HP: 42/71 MP: 8/13
  7674 | Bailey   | Reached skill level 10 in Transmutations
  7879 | Bailey   | Found an iron altar of Okawaru.
  7879 | Bailey   | Noticed an orc high priest
  7879 | Bailey   | Noticed an orc high priest
  7889 | Bailey   | Noticed a sun demon
  7889 | Bailey   | Noticed a soul eater
  7890 | Bailey   | Noticed a smoke demon
  7891 | Bailey   | Mangled by an orc high priest

Illustrated notes

Levels and vault maps discovered:
D:1:      dpeg_arrival_stonehenge_12_columns, layout_basic
D:2:      layout_loops_corners
D:3:      layout_rooms, gammafunk_ghost_mausoleum, chequers_decorated_corner,
          uniq_natasha
D:4:      layout_basic, nicolae_vehumet_radiance, serial_shops, shop
D:5:      cheibrodos_quashed, layout_loops_cross, temple_statues, uniq_grinder,
          uniq_pikel
D:6:      layout_loops_ring
D:7:      layout_gridville, nemelex_spade_bored_becter, marbit_many_paths,
          nrook_loot_triangle, nicolae_hexahallways, kennysheep_generic_room_7
D:8:      layout_cave_pods, zin_statuary, amethyst_overflow_temple_binary,
          uniq_grum, uniq_psyche
D:9:      layout_roguey, enter_bailey_3, uniq_maggie
Temple:   nicolae_temple_superstar
Bailey:   bailey_axe_of_yendor_kennysheep, bailey

Skill      XL: |  1  2  3  4  5  6  7  8  9 10 |
---------------+-------------------------------+-----
Unarmed Combat | 4 5 6 8 10 11 | 11.2
Transmutations | 3 4 5 7 9 10 | 10.1
Fighting       | |  1.1
Dodging        | |  1.7
Spellcasting   | |  2.0

Action                     |  1- 3 |  4- 6 |  7- 9 | 10-12 || total
---------------------------+-------+-------+-------+-------++-------
  Melee: Unarmed           |   103 |   151 |   249 |    23 ||   526
         Tailslap          |    14 |    15 |    13 |       ||    42
         Kick              |    16 |    28 |    34 |       ||    78
         Headbutt          |    11 |    16 |    18 |       ||    45
         Punch             |       |     7 |     6 |       ||    13
   Cast: Beastly Appendage |    36 |    28 |    14 |       ||    78
         Wereblood         |       |     1 |    10 |     2 ||    13
         Spider Form       |       |       |    16 |     1 ||    17
         Ice Form          |       |       |       |     1 ||     1
 Invoke: Potion Petition   |       |       |     1 |       ||     1
Ability: Breathe Steam     |       |       |     1 |       ||     1
  Evoke: Wand              |       |     8 |       |       ||     8
    Use: Potion            |       |     3 |       |     2 ||     5
   Stab: Distracted        |       |       |     1 |       ||     1
 Armour: Skin              |    28 |    92 |    39 |     3 ||   162
  Dodge: Dodged            |    58 |    94 |   140 |    20 ||   312
